Map: Dusty Gorge

Players

Kikkoman

  • Race: Terran Terran
  • Spawn Location: 9:00

Deico

  • Race: Protoss Protoss
  • League: Diamond
  • Spawn Location: 11:00

Massa - Winner!

  • Race: Terran Terran
  • League: Gold
  • Spawn Location: 3:00

qqq - Winner!

  • Race: Zerg Zerg
  • League: Platinum
  • Spawn Location: 5:00

VOD

Have the link to the VOD?

Description

Time

  • Played on: April 27, 2020, 12:32 p.m.
  • Length: 5:07
Show
View Real Time Build Order
Export as new Build Order

Kikkoman Terran 

Build Orders: 2 Factory 

Get SALT Encoding   

  12  0:00  SCV  
  13  0:13  SCV  
  14  0:18  Supply Depot  
  14  0:29  SCV  
  15  0:41  SCV  
  16  0:43  Barracks  
  16  0:48  Refinery  
  16  0:54  SCV  
  17  1:09  SCV  
  18  1:17  Refinery  
  18  1:22  SCV  
  19  1:33  Marine  
  19  1:34  SCV  
  19  1:36  Supply Depot  
  21  1:46  Orbital Command  
  21  1:54  Factory  
  21  2:04  Barracks Reactor  
  21  2:13  SCV  
  22  2:25  SCV  
  22  2:26  Factory  
  23  2:30  Supply Depot  
  23  2:38  SCV  
  24  2:50  SCV  
  25  2:59  Hellion x2  
  25  3:02  SCV, Barracks Tech Lab  
  30  3:06  Supply Depot  
  30  3:14  SCV  
  30  3:16  Factory Tech Lab  
  30  3:36  Supply Depot  
  30  3:38  Hellion x2  
  30  3:39  Supply Depot  
  13  4:09  SCV  
Show
View Real Time Build Order
Export as new Build Order

Deico Protoss 

Build Orders: 1 Gate Expand 

Get SALT Encoding   

  12  0:00  Probe  
  13  0:15  Pylon  
  13  0:19  Probe  
  14  0:34  Gateway  
  14  0:37  Probe  
  15  0:46  Assimilator  
  15  0:55  Probe (Chrono Boost)  
  16  1:07  Probe (Chrono Boost)  
  17  1:15  Probe (Chrono Boost)  
  18  1:37  Nexus  
  18  1:42  Probe  
  19  1:50  Cybernetics Core  
  20  1:54  Probe (Chrono Boost)  
  20  2:06  Probe (Chrono Boost)  
  21  2:09  Pylon  
  21  2:17  Probe (Chrono Boost)  
  22  2:29  Stalker  
  24  2:30  Warp Gate  
  24  2:32  Probe (Chrono Boost), Shield Battery  
  25  2:39  Pylon  
  25  2:46  Probe  
  26  2:59  Probe (Chrono Boost), Stalker  
  26  3:05  Probe (Chrono Boost)  
  30  3:06  Assimilator  
  30  3:10  Probe (Chrono Boost)  
  31  3:13  Probe (Chrono Boost)  
  31  3:19  Pylon  
  32  3:21  Probe  
  33  3:29  Sentry  
  34  3:46  Gateway x2  
  32  4:01  Adept (Chrono Boost)  
  32  4:02  Forge  
  34  4:12  Probe x2  
  36  4:22  Gateway  
  36  4:24  Adept  
  38  4:39  Photon Cannon  
  38  4:49  Pylon  
Show
View Real Time Build Order
Export as new Build Order

Massa Terran - Winner!

Build Orders:  

Get SALT Encoding   

  12  0:11  Supply Depot  
  12  0:13  SCV  
  13  0:25  SCV  
  14  0:35  Barracks  
  14  0:37  SCV  
  15  0:51  SCV  
  16  0:59  Supply Depot  
  16  1:03  SCV  
  17  1:15  SCV  
  18  1:23  Marine  
  18  1:24  Barracks  
  19  1:27  SCV  
  19  1:30  Barracks  
  20  1:41  Marine  
  20  1:45  Orbital Command  
  21  1:59  Marine  
  22  2:14  Barracks  
  22  2:17  Marine  
  22  2:22  Marine x2  
  25  2:33  Refinery  
  25  2:34  Marine  
  26  2:40  Marine x2  
  28  2:52  Marine  
  28  2:58  Marine x2  
  31  3:07  Supply Depot  
  31  3:11  Supply Depot  
  31  3:20  SCV, Marine x4  
  36  3:38  Marine x2  
  38  3:59  Marine  
  38  4:00  Marine x3  
  37  4:17  Marine x2  
  37  4:18  Marine x2  
  41  4:31  SCV, Factory  
  41  4:34  Marine  
  41  4:35  Marine x2  
  41  4:36  Marine  
Show
View Real Time Build Order
Export as new Build Order

qqq Zerg - Winner!

Build Orders: Hatch First 

Get SALT Encoding   

  12  0:03  Drone  
  13  0:08  Drone  
  14  0:38  Hatchery  
  13  0:55  Spawning Pool  
  12  0:58  Drone  
  12  1:00  Extractor  
  12  1:10  Overlord  
  12  1:15  Drone  
  13  1:27  Drone  
  13  1:29  Drone  
  15  1:39  Drone  
  16  1:43  Queen  
  18  1:50  Zergling x2  
  18  1:52  Drone  
  20  2:03  Metabolic Boost  
  20  2:06  Zergling x2  
  21  2:10  Zergling x2  
  21  2:12  Zergling x2  
  23  2:19  Overlord  
  24  2:22  Zergling x2  
  24  2:26  Zergling x2  
  25  2:36  Zergling x2  
  26  2:38  Zergling x4  
  28  2:50  Zergling x2  
  29  2:51  Zergling x2  
  30  3:12  Zergling x8  
  34  3:39  Zergling x4  
  36  3:42  Overlord x3  
  36  3:44  Lair  
  35  4:08  Zergling x4  
  35  4:09  Zergling x6  
  40  4:29  Zergling x6  
  40  4:30  Zergling x2  
Tags
 
Add a new tag
Caveats
  • Supply blocks, unpowered buildings, or Contaminate may cause inaccurate times.
  • Supply counts are checked every 10 seconds.